Map: Acid Plant LE

Players

Iceman

  • Race: Zerg Zerg
  • League: Diamond
  • Spawn Location: 5:00

VouS - Winner!

  • Race: Terran Terran
  • League: Diamond
  • Spawn Location: 11:00

VOD

Have the link to the VOD?

Description

Time

  • Played on: March 23, 2018, 3:28 p.m.
  • Length: 17:46
Show
View Real Time Build Order
Export as new Build Order

Iceman Zerg 

Build Orders: Hatch First, Swarm Host, Zergling Baneling 

Get SALT Encoding   

  12  0:01  Drone  
  13  0:12  Overlord  
  13  0:17  Drone  
  14  0:30  Drone x2  
  14  0:34  Drone  
  17  0:52  Hatchery  
  17  0:56  Drone  
  17  0:58  Drone  
  18  1:09  Extractor  
  17  1:12  Spawning Pool  
  17  1:16  Drone  
  17  1:19  Drone  
  18  1:27  Drone  
  19  1:38  Overlord  
  19  1:49  Drone  
  20  2:00  Zergling x2, Queen  
  23  2:04  Zergling x2, Queen  
  26  2:12  Drone  
  27  2:22  Hatchery  
  26  2:25  Drone  
  26  2:28  Drone  
  28  2:31  Drone  
  29  2:40  Drone x2  
  31  2:45  Pneumatized Carapace  
  31  2:48  Overlord  
  31  2:53  Metabolic Boost  
  31  2:56  Drone  
  32  3:02  Drone x2  
  32  3:04  Drone  
  35  3:09  Drone  
  35  3:12  Drone  
  37  3:13  Drone x2  
  37  3:15  Drone  
  40  3:20  Overlord  
  40  3:25  Queen  
  42  3:27  Drone  
  42  3:29  Drone  
  42  3:33  Overlord  
  44  3:35  Overlord  
  44  3:51  Zergling x14  
  44  3:54  Baneling Nest  
  44  3:55  Extractor  
  49  3:58  Queen  
  49  4:02  Queen  
  53  4:22  Zergling x18  
  53  4:23  Zergling x4  
  64  4:39  Overlord x2  
  64  4:41  Zergling x10  
  69  4:49  Baneling x4  
  69  4:50  Baneling  
  69  4:52  Baneling x3  
  69  4:54  Drone x3  
  71  5:09  Drone x7  
  79  5:14  Drone  
  79  5:25  Drone x5  
  79  5:28  Lair  
  84  5:37  Overlord x2  
  84  5:40  Overlord x2  
  84  5:43  Spore Crawler x2  
  84  5:45  Spore Crawler  
  84  5:48  Drone  
  84  5:49  Overlord  
  82  5:50  Extractor  
  81  6:02  Overlord  
  81  6:03  Overlord  
  81  6:05  Drone x8  
  81  6:08  Extractor  
  87  6:25  Drone x4  
  88  6:26  Drone x6  
  97  6:35  Overlord  
  97  6:36  Overseer  
  97  6:41  Hatchery, Centrifical Hooks, Hydralisk Den  
  97  6:42  Extractor  
  97  6:44  Drone  
  97  6:46  Extractor  
  94  6:48  Evolution Chamber  
  93  7:06  Overlord  
  93  7:10  Spine Crawler  
  93  7:12  Extractor  
  88  7:23  Overlord  
  88  7:25  Zergling x4  
  88  7:26  Overlord  
  88  7:27  Zergling x4  
  92  7:32  Zerg Missile Weapons Level 1  
  92  7:35  Evolution Chamber  
  91  7:46  Baneling x7  
  91  7:47  Baneling, Hydralisk x12  
  114  7:57  Overlord  
  114  7:58  Overlord  
  113  7:59  Overlord  
  113  8:03  Drone x2  
  113  8:04  Drone x2  
  117  8:06  Muscular Augments  
  117  8:14  Spine Crawler  
  116  8:25  Hydralisk x4  
  116  8:26  Hydralisk  
  125  8:30  Hydralisk  
  125  8:32  Overlord  
  127  8:35  Zergling x4  
  127  8:36  Zergling x2  
  127  8:39  Drone x2  
  131  8:43  Drone x2  
  131  8:46  Baneling  
  131  8:47  Baneling x7  
  133  8:55  Hydralisk x3  
  90  9:17  Grooved Spines  
  90  9:21  Drone x9  
  90  9:22  Drone x6  
  90  9:23  Drone  
  100  9:25  Hydralisk x2  
  98  9:33  Hydralisk x4  
  98  9:37  Zerg Missile Weapons Level 2  
  106  9:39  Zerg Ground Armor Level 1  
  106  9:43  Hydralisk  
  106  9:45  Overlord, Infestation Pit  
  107  9:58  Hydralisk x6  
  119  10:00  Hydralisk  
  119  10:04  Hydralisk  
  121  10:18  Hydralisk  
  121  10:19  Hydralisk x6  
  133  10:25  Overlord, Hydralisk x2  
  133  10:26  Hydralisk  
  139  10:34  Hydralisk x3  
  139  10:35  Hydralisk  
  147  10:39  Spore Crawler  
  147  10:40  Spine Crawler, Hydralisk  
  147  10:45  Hive  
  147  10:47  Swarm Host  
  147  10:49  Swarm Host  
  153  10:58  Swarm Host x2  
  153  11:01  Swarm Host  
  162  11:06  Overlord x2  
  162  11:08  Overlord  
  160  11:13  Overlord  
  160  11:14  Overlord  
  160  11:29  Swarm Host x6  
  178  11:50  Extractor  
  178  11:52  Hatchery  
  176  11:55  Extractor  
  176  11:59  Swarm Host x4  
  176  12:00  Swarm Host x3  
  196  12:01  Hydralisk  
  198  12:32  Hydralisk  
  194  12:44  Viper x2  
  164  12:59  Hydralisk x9  
  164  13:00  Hydralisk x2  
  164  13:01  Hydralisk  
  174  13:11  Hydralisk x3  
  174  13:12  Hydralisk  
  168  13:20  Hydralisk x2  
  172  13:27  Zergling x8  
  172  13:28  Zergling x16  
  181  13:37  Viper  
  181  13:39  Hydralisk x3  
  184  13:41  Hydralisk  
  184  13:44  Drone x3  
  189  13:57  Drone x7  
  191  14:02  Extractor  
  191  14:03  Hatchery  
  191  14:04  Extractor  
  191  14:05  Hydralisk x3  
  187  14:10  Hydralisk  
  189  14:24  Spire  
  186  14:35  Spore Crawler  
  186  14:36  Spine Crawler  
  186  14:37  Spine Crawler x2  
  173  14:40  Hydralisk  
  173  14:41  Hydralisk x10  
  190  14:46  Hydralisk x3  
  196  15:07  Hatchery  
  196  15:10  Extractor  
  196  15:11  Zergling x12  
  200  15:22  Spine Crawler  
  200  15:23  Spine Crawler x2  
  190  16:03  Corruptor x4  
  190  16:04  Corruptor  
  182  16:36  Hydralisk x9  
  182  16:37  Hydralisk x3  
  137  16:48  Hydralisk x9  
  145  16:58  Hydralisk  
  145  17:00  Hydralisk x4  
  149  17:11  Hydralisk x5  
  145  17:20  Hydralisk x4  
Show
View Real Time Build Order
Export as new Build Order

VouS Terran - Winner!

Build Orders: Reaper Expand 

Get SALT Encoding   

  12  0:00  SCV  
  13  0:13  SCV  
  14  0:17  Supply Depot  
  14  0:25  SCV  
  14  0:28  Refinery  
  15  0:39  SCV  
  16  0:45  Barracks  
  16  0:54  SCV  
  17  1:06  SCV  
  18  1:18  SCV  
  19  1:34  Reaper, Orbital Command  
  20  1:48  Command Center  
  20  2:00  SCV  
  21  2:04  Factory  
  21  2:08  Barracks Reactor  
  21  2:15  SCV  
  21  2:18  Supply Depot  
  21  2:22  Refinery  
  22  2:28  SCV  
  23  2:40  SCV  
  24  2:51  Starport  
  24  2:52  SCV  
  24  2:58  Hellion x2  
  29  3:00  Marine  
  29  3:04  SCV  
  31  3:08  Orbital Command  
  31  3:20  Hellion x2  
  31  3:21  SCV  
  36  3:33  Medivac  
  38  3:35  SCV, Supply Depot  
  38  3:41  SCV  
  40  3:43  Hellion  
  43  3:48  SCV  
  43  3:51  Barracks Tech Lab, Supply Depot  
  43  3:57  SCV  
  43  4:00  SCV  
  45  4:05  Supply Depot  
  45  4:15  SCV x2  
  47  4:18  Hellion x2  
  51  4:27  Refinery  
  51  4:32  Supply Depot  
  51  4:33  Refinery  
  51  4:36  SCV  
  51  4:37  SCV  
  55  4:39  Viking  
  55  4:48  SCV  
  55  4:49  SCV  
  55  4:50  Hellion  
  59  5:01  SCV x2  
  59  5:06  Armory x2  
  61  5:08  Raven  
  61  5:13  Supply Depot, SCV  
  61  5:14  SCV  
  67  5:21  Hellion  
  67  5:26  SCV x2  
  69  5:38  SCV x2  
  71  5:48  Hellion x2  
  75  5:50  SCV x2  
  75  5:51  Factory  
  75  5:53  Factory  
  77  5:59  Command Center  
  77  6:00  Supply Depot  
  77  6:02  SCV  
  78  6:08  SCV  
  78  6:09  Terran Vehicle And Ship Armor Level 1, Terran Vehicle Weapons Level 1  
  79  6:20  SCV x2  
  79  6:21  Hellion x2  
  85  6:30  Factory  
  85  6:32  Factory  
  85  6:33  SCV x2  
  85  6:35  Engineering Bay  
  85  6:37  Factory Tech Lab  
  85  6:38  Factory Tech Lab  
  87  6:45  SCV  
  88  6:52  Hellion x2, SCV  
  93  6:56  Supply Depot  
  93  6:57  Supply Depot, SCV  
  93  6:59  Smart Servos, Infernal Pre-Igniter  
  94  7:15  Factory Reactor  
  94  7:16  Thor x2, Factory Tech Lab  
  94  7:20  SCV x2  
  94  7:22  Orbital Command  
  108  7:28  Supply Depot  
  108  7:44  Hellion x2  
  115  7:48  Thor  
  118  7:55  Hellion x2  
  122  8:00  Siege Tank x2  
  122  8:04  Orbital Command  
  128  8:12  Hellion  
  130  8:14  Terran Vehicle And Ship Armor Level 2  
  130  8:20  Refinery, Command Center  
  129  8:31  Siege Tank  
  132  8:39  Hellion  
  133  8:43  Command Center  
  133  8:46  Refinery  
  133  8:59  Refinery  
  133  9:03  Hellion x3  
  133  9:04  Refinery, Siege Tank  
  133  9:05  Hellion, Siege Tank  
  133  9:06  Siege Tank  
  115  9:25  Hellion x3  
  115  9:26  Hellion  
  121  9:32  SCV x3  
  121  9:36  Siege Tank  
  121  9:37  Raven, Siege Tank  
  132  9:46  SCV  
  133  9:55  Hellion x2, SCV, Siege Tank  
  141  10:09  Siege Tank  
  136  10:14  Sensor Tower  
  136  10:16  Hellion, Siege Tank  
  136  10:17  SCV x2  
  143  10:24  Sensor Tower  
  143  10:28  Hellion, Siege Tank  
  148  10:33  Supply Depot  
  148  10:34  Hellion, Supply Depot  
  148  10:35  Supply Depot  
  150  10:37  Supply Depot  
  150  10:51  Siege Tank x2  
  150  10:55  Hellion x2  
  150  10:56  Sensor Tower  
  160  10:57  Supply Depot  
  160  10:58  Supply Depot  
  160  11:02  Siege Tank  
  160  11:03  Hellion  
  153  11:23  Siege Tank  
  156  11:29  Planetary Fortress  
  156  11:30  Siege Tank  
  156  11:31  Hellion x2  
  163  11:34  Siege Tank  
  166  11:44  Terran Vehicle Weapons Level 2  
  166  11:53  Hellion x4  
  174  11:55  Supply Depot, Siege Tank  
  174  11:56  Supply Depot  
  177  12:02  Siege Tank  
  177  12:07  Hellion, Terran Vehicle And Ship Armor Level 3  
  182  12:13  Sensor Tower  
  182  12:14  Hellion x2  
  182  12:15  Hellion  
  185  12:33  Siege Tank x2  
  185  12:34  Hellion x2  
  185  12:36  Hellion x2  
  187  12:47  Hellion  
  187  12:55  Siege Tank  
  187  12:58  Hellion x3  
  162  13:05  Siege Tank  
  163  13:06  Hellion  
  163  13:08  Hellion  
  161  13:19  Hellion  
  155  13:20  Hellion x2  
  155  13:27  Hellion  
  155  13:28  Hellion  
  155  13:29  Hellion  
  161  13:38  Hellion  
  161  13:41  Hellion x2  
  167  13:46  Starport  
  170  13:48  Siege Tank  
  170  13:49  Siege Tank  
  170  13:51  SCV  
  170  13:52  SCV  
  170  13:53  Starport, SCV x2, Command Center  
  176  13:59  Siege Tank  
  176  14:05  SCV x2  
  178  14:11  SCV x2  
  180  14:20  Siege Tank  
  180  14:22  Terran Vehicle Weapons Level 3  
  173  14:40  Siege Tank x2  
  173  14:41  Hellion x2, Starport Tech Lab  
  173  14:42  Starport Reactor  
  173  14:44  Terran Ship Weapons Level 1  
  177  14:52  Thor  
  183  15:06  Hellion x3  
  189  15:12  Thor  
  195  15:15  Refinery  
  195  15:21  Refinery  
  195  15:31  Hellion x2  
  199  15:40  Hellion, Viking  
  186  15:57  Viking, Siege Tank x2  
  186  15:58  Viking x2  
  198  16:06  Hellion  
  200  16:11  Command Center  
  200  16:19  Command Center  
  190  16:30  Siege Tank  
  190  16:31  Hellion  
  190  16:32  Siege Tank  
  171  16:33  Hellion  
  171  16:34  Siege Tank  
  171  16:35  Hellion  
  147  16:45  Hellion  
  140  16:52  Hellion  
  142  16:54  Hellion  
  142  16:56  Hellion  
  142  16:58  Viking x2  
  148  17:02  Siege Tank  
  148  17:04  Hellion  
  148  17:06  Hellion  
  148  17:07  Hellion  
  157  17:13  Hellion  
  154  17:15  Hellion  
  154  17:18  Hellion  
Tags
 
Add a new tag
Caveats
  • Supply blocks, unpowered buildings, or Contaminate may cause inaccurate times.
  • Supply counts are checked every 10 seconds.